 Dungeon Crawl Stone Soup version 0.23.0 (webtiles) character file.

Game seed: 14311079606752515206

586 misha the Twirler (level 7, -1/59 HPs)
             Began as a Minotaur Gladiator on Feb 16, 2019.
             Slain by Grinder (2 damage)
             ... while paralysed by Grinder
             ... on level 4 of the Dungeon.
             The game lasted 00:24:49 (3012 turns).

misha the Twirler (Minotaur Gladiator)              Turns: 3012, Time: 00:24:50

Health: -1/59      AC:  8    Str: 21    XL:     7   Next: 15%
Magic:  6/6        EV:  2    Int:  5    God:
Gold:   227        SH:  0    Dex: 11    Spells: 6/6 levels left

rFire    . . .     SeeInvis .   a - +0 quarterstaff
rCold    . . .     Gourm    .   (shield currently unavailable)
rNeg     . . .     Faith    .   q - +0 scale mail
rPois    .         Spirit   .   c - +0 hat
rElec    .         Reflect  .   (no cloak)
rCorr    .         Harm     .   (no gloves)
MR       .....                  u - +0 pair of boots
Stlth    ..........             (no amulet)
HPRegen  0.19/turn              (no ring)
MPRegen  0.10/turn              (no ring)

@: paralysed
A: retaliatory headbutt, horns 2
a: no special abilities


You were on level 4 of the Dungeon.
You were not hungry.

You visited 1 branch of the dungeon, and saw 4 of its levels.

You collected 227 gold pieces.

Inventory:

Hand Weapons
 a - a +0 quarterstaff (weapon)
Missiles
 d - 3 throwing nets (quivered)
Armour
 b - a +0 leather armour
 c - a +0 hat (worn)
 g - a cursed +0 leather armour
 n - a +0 robe
 q - a +0 scale mail (worn)
 t - a +0 chain mail
 u - a +0 pair of boots (worn)
Jewellery
 m - an uncursed ring of resist corrosion {unknown}
Wands
 i - a wand of random effects (8)
Scrolls
 e - a scroll of blinking {unknown}
 h - 4 scrolls of teleportation {unknown}
 k - 5 scrolls of identify {unknown}
 s - 2 scrolls of fear {unknown}
 v - 3 scrolls of amnesia {unknown}
 y - a scroll of immolation {unknown}
 A - a scroll of magic mapping {unknown}
 B - a scroll of random uselessness {unknown}
Potions
 j - 2 potions of mutation {unknown}
 l - a potion of cancellation {unknown}
 o - a potion of berserk rage {unknown}
 p - 3 potions of curing {unknown}
 r - a potion of heal wounds {unknown}
 w - a potion of brilliance {unknown}
 x - a potion of agility
 z - a potion of flight {unknown}
 C - a potion of magic {unknown}
Comestibles
 f - 5 rations


   Skills:
 + Level 4.1 Fighting
 + Level 7.4 Staves
 + Level 2.1 Throwing
 + Level 3.5 Armour
 + Level 4.7 Dodging
 + Level 0.8 Stealth


You had 6 spell levels left.
You didn't know any spells.
Your spell library contained the following spells:

 Spells                   Type           Power        Failure   Level  Hunger
 Animate Skeleton         Necr           N/A          82%         1    ##.....
 Apportation              Tloc           #.....       82%         1    ##.....
 Confusing Touch          Hex            #.....       82%         1    ##.....
 Summon Small Mammal      Summ           #...         82%         1    ##.....


Dungeon Overview and Level Annotations

Branches:
Dungeon (4/15)
 Temple: D:4-7

Altars:
Nemelex Xobeh

Annotations:
D:4 Grinder


Innate Abilities, Weirdness & Mutations

You reflexively headbutt those who attack you in melee.
You have a pair of horns on your head.


Message History

You resist with significant effort.
Grinder is too close now for your liking.
You hit Grinder.
Grinder is lightly wounded.
Grinder says, "Are you a fish?" Grinder barely misses you.
You sock Grinder!
Grinder is moderately wounded.
Grinder gestures at you.
You suddenly lose the ability to move!
Grinder gestures at you. Pain shoots through your body!
* * * LOW HITPOINT WARNING * * *
Grinder says, "My boss said I was rubbish.
His entrails said otherwise."
Grinder hits you.
* * * LOW HITPOINT WARNING * * *
Grinder hits you.
* * * LOW HITPOINT WARNING * * *
You writhe in agony.
You die...

#.............................##
#......##...###.####.#...#.####
######.##.#.# ### #.#>..#.# ###
#.###..# #.#...#.# ..# #.###..#
#.#...#.# ..####......#
#.#.(.#.# ## ..#.(......##
#.......# ..
..#.###################.####
.##. ....# #...@5.####.####.....
..### #.####.#............. ..#
#.####.#.####.##..#.. ###
#..5.#5#.##..........
#.##.#.#.##.#.###....
#.#..................
#......#......#######
##.#########.###
#..#########.###


You could see Grinder.

Vanquished Creatures
  2 big kobolds (D:3)
  A scorpion (D:4)
  2 hounds (D:4)
  2 orc wizards (D:4)
  Terence (D:3)
  Ijyb (D:3)
  2 worker ants (D:4)
  Robin (D:4)
  An adder (D:3)
  2 howler monkey skeletons (D:4)
  2 oozes (D:3)
  A worm (D:2)
  4 dart slugs
  5 leopard geckos
  10 orcs
  3 giant cockroaches
  22 goblins
  15 hobgoblins
  12 kobolds
  2 quokkas (D:2)
  11 bats
  5 frilled lizards
  A jackal skeleton (D:4)
  A quokka skeleton (D:4)
  6 rats
115 creatures vanquished.

Notes
Turn   | Place    | Note
-------+----------+-------------------------------------------
     0 | D:1      | misha the Minotaur Gladiator began the quest for the Orb.
     0 | D:1      | Reached XP level 1. HP: 18/18 MP: 0/0
    89 | D:1      | Reached skill level 4 in Staves
    89 | D:1      | Reached XP level 2. HP: 25/25 MP: 1/1
   434 | D:2      | Reached XP level 3. HP: 21/30 MP: 2/2
  1292 | D:3      | Noticed a big kobold
  1294 | D:3      | Noticed a big kobold
  1465 | D:3      | Reached skill level 5 in Staves
  1465 | D:3      | Reached XP level 4. HP: 36/38 MP: 3/3
  1483 | D:3      | Noticed Terence
  1498 | D:3      | Killed Terence
  1661 | D:3      | Killed a big kobold
  1661 | D:3      | Reached skill level 1 in Armour
  1661 | D:3      | Reached XP level 5. HP: 44/45 MP: 4/4
  1681 | D:3      | Reached skill level 6 in Staves
  1827 | D:3      | Noticed Ijyb
  1870 | D:3      | Killed Ijyb
  1870 | D:3      | Reached XP level 6. HP: 42/52 MP: 5/5
  2358 | D:4      | Found a sparkling altar of Nemelex Xobeh.
  2371 | D:4      | Paralysed by you for 7 turns
  2685 | D:4      | Reached skill level 7 in Staves
  2686 | D:4      | Reached XP level 7. HP: 41/58 MP: 6/6
  2717 | D:4      | Noticed Robin
  2727 | D:4      | Killed Robin
  2954 | D:4      | Noticed Grinder
  2962 | D:4      | Paralysed by Grinder for 7 turns
  3009 | D:4      | Paralysed by Grinder for 3 turns
  3012 | D:4      | HP: 1/59 [Grinder (5)]
  3012 | D:4      | Slain by Grinder

Skill      XL: |  1  2  3  4  5  6  7 |
---------------+----------------------+-----
Staves         | 4 5 6 7 |  7.4
Dodging        | 4 |  4.7
Fighting       | 3 4 |  4.1
Armour         | 1 3 |  3.5
Throwing       | |  2.1
Stealth        | |  0.8

Action                   |  1- 3 |  4- 6 |  7- 9 || total
-------------------------+-------+-------+-------++-------
Melee: Quarterstaff      |    93 |   122 |    35 ||   250
       Headbutt          |    13 |    19 |     3 ||    35
Evoke: Wand              |       |     1 |       ||     1
  Eat: Chunk             |     1 |     1 |       ||     2
       Ration            |       |     2 |       ||     2
Armor: Leather armour    |    22 |       |       ||    22
       Scale mail        |     1 |    66 |    23 ||    90
Dodge: Dodged            |    64 |    69 |    27 ||   160
